 Dungeon Crawl Stone Soup version 0.27-a0-488-g88baaf19db (webtiles) character file.

Game seed: 1240257851849984941

46 Dirtsage the Ruffian (level 3, 0/29 HPs)
             Began as a Demonspawn Gladiator on Mar 1, 2021.
             Slain by an iguana (13 damage)
             ... on level 2 of the Dungeon.
             The game lasted 00:03:12 (1752 turns).

Dirtsage the Ruffian (Demonspawn Gladiator)         Turns: 1752, Time: 00:03:12

Health: 0/29       AC:  9    Str: 15    XL:     3   Next: 46%
Magic:  3/3        EV: 16    Int:  9    God:
Gold:   105        SH:  0    Dex: 14    Spells: 2/2 levels left

rFire    . . .     SeeInvis .   h - +0 short sword
rCold    . . .     Faith    .   (no shield)
rNeg     . . .     Spirit   .   a - +0 leather armour
rPois    .         Reflect  .   b - +0 helmet
rElec    .         Harm     .   (no cloak)
rCorr    .         Rampage  .   (no gloves)
Will     .....                  e - +2 pair of boots
Stlth    +.........             j - amulet of magic regeneration
HPRegen  0.09/turn              E - +4 ring of evasion
MPRegen  0.33/turn              (no ring)

@: no status effects
A: talons 1, thin metallic scales 1
a: no special abilities


You were on level 2 of the Dungeon.
You visited 1 branch of the dungeon, and saw 2 of its levels.

You collected 105 gold pieces.


Innate Abilities, Weirdness & Mutations

You have sharp toenails.
You are partially covered in thin metallic scales. (AC +2)


   Skills:
 + Level 3.3 Fighting
 - Level 1.7 Throwing
 - Level 2.6 Dodging
 - Level 3.3 Unarmed Combat


You had 2 spell levels left.
You didn't know any spells.
Your spell library was empty.

Inventory:

Hand Weapons
 h - a +0 short sword (weapon)
Missiles
 c - 3 throwing nets (quivered) {=f}
Armour
 a - a +0 leather armour (worn)
 b - a +0 helmet (worn)
 e - a +2 pair of boots (worn)
Jewellery
 j - an amulet of magic regeneration (around neck)
 E - a +4 ring of evasion (left hand)
Scrolls
 d - 2 scrolls of identify {unknown}
 g - a scroll of fear {unknown}
 i - a scroll of enchant armour {unknown}
 k - a scroll of noise {unknown}
 l - a scroll of magic mapping {unknown}
Potions
 f - 2 potions of lignification {unknown}
 m - a potion of curing {unknown}
 n - 2 potions of brilliance {unknown}
 o - a potion of magic {unknown}

Dungeon Overview and Level Annotations

Branches:
Dungeon (2/15)

Altars:
Elyvilon
Trog
Uskayaw
Zin

..♣♣♣.......................#
...♣...≈≈≈....##.#.####.#..##
≈.....≈≈≈≈≈....#.#.# #.#..#
≈.....≈≈♣≈≈....#.#.####.##.#
≈.....≈≈≈≈≈....#.#......##(##
...♣...≈≈≈....##.#..........#
..♣♣♣..............##########
.♣♣ ♣♣.....#...######### ♣♣
♣♣.........@l......
##.....#.######## #..#..#.#
### #.##.##░░ #.# #.##.#
####.# #.##.#
.....####...<##░
##.............░
##.##.######.##░


You could see an iguana.


Message History

The iguana is lightly wounded.
The iguana completely misses you.
You hit the iguana but do no damage.
The iguana is lightly wounded.
The iguana misses you.
You hit the iguana.
The iguana is moderately wounded.
The iguana completely misses you.
You hit the iguana but do no damage.
The iguana is moderately wounded.
The iguana misses you.
You barely miss the iguana.
The iguana is moderately wounded.
The iguana bites you but does no damage.
You closely miss the iguana.
The iguana is moderately wounded.
The iguana barely misses you.
You barely miss the iguana.
The iguana is moderately wounded.
The iguana misses you.
You hit the iguana but do no damage.
The iguana is moderately wounded.
The iguana misses you.
You hit the iguana.
The iguana is severely wounded.
The iguana closely misses you.
You closely miss the iguana.
The iguana is severely wounded.
The iguana barely misses you. The iguana bites you!
You die...

Skill      XL: |  1  2  3 |
---------------+----------+-----
Unarmed Combat | 3 |  3.3
Fighting       | 3 |  3.3
Throwing       | |  1.7
Dodging        | |  2.6

Action                   || total
-------------------------++-------
Melee: Unarmed           ||   135
       Short sword       ||    40
       Punch             ||     2
 Stab: Sleeping          ||     1
Armor: Leather armour    ||    34
Dodge: Dodged            ||   128

Levels and vault maps discovered:
D:1:      scummos_arrival_hexagon, layout_basic, minmay_pentomino_q4
D:2:      layout_basic, elyvilon_altar_3, gammafunk_temple_overflow_forgotten,
          nicolae_gozag_cash_rules_everything_around_me

Notes
Turn   | Place    | Note
-------+----------+-------------------------------------------
     0 | D:1      | Dirtsage the Demonspawn Gladiator began the quest for the
                  | Orb.
     0 | D:1      | Reached XP level 1. HP: 16/16 MP: 1/1
   116 | D:1      | Reached skill level 3 in Unarmed Combat
   387 | D:1      | Gained mutation: You have sharp toenails. [demonic
                  | ancestry]
   387 | D:1      | Reached XP level 2. HP: 22/22 MP: 2/2
  1080 | D:1      | Gained mutation: You are partially covered in thin metallic
                  | scales. (AC +2) [demonic ancestry]
  1080 | D:1      | Reached XP level 3. HP: 28/28 MP: 3/3
  1092 | D:1      | Reached skill level 3 in Fighting
  1379 | D:2      | Found a white marble altar of Elyvilon.
  1555 | D:2      | Found a glowing silver altar of Zin.
  1556 | D:2      | Found a bloodstained altar of Trog.
  1556 | D:2      | Found a hide-covered altar of Uskayaw.
  1752 | D:2      | Slain by an iguana

Vanquished Creatures
  3 dart slugs
  2 giant cockroaches (D:1)
  5 hobgoblins
  7 jackals (D:1)
  A quokka (D:2)
  A ball python (D:1)
  4 bats (D:1)
  2 frilled lizards (D:1)
  8 goblins
  2 kobolds
  A rat (D:2)
36 creatures vanquished.

Table legend: (Time is in decaauts)
 A = Elapsed time spent in this place.
 B = Non-inter-level travel time spent in this place.
 C = Inter-level travel time spent in this place.
 D = Time resting spent in this place.
 E = Time spent auto-exploring this place.
 F = Levels seen in this place.
 G = Mean time per level.
                   A        B        C        D        E       F      G
               +--------+--------+--------+--------+--------+-----+--------+
         Total |   1747 |   1638 |    109 |      0 |   1334 |   2 |  873.5 |
       Dungeon |   1747 |   1638 |    109 |      0 |   1334 |   2 |  873.5 |
               +--------+--------+--------+--------+--------+-----+--------+

Top non-repeatable levels by time:
     D:1: 1289 daAuts
     D:2: 457 daAuts

Table legend:
 A = Non-vault XP
 B = Vault XP
 C = Vault XP percentage of total XP
 D = Non-vault monster count
 E = Vault monster count
 F = Vault count percentage of total count
                 A         B        C        D         E       F
            +---------+---------+-------+---------+---------+-------
      Total |      63 |       4 |   6.0 |      33 |       3 |   8.3
            +---------+---------+-------+---------+---------+-------
        D:1 |      49 |       4 |   7.5 |      26 |       3 |  10.3
        D:2 |      14 |       0 |   0.0 |       7 |       0 |   0.0
            +---------+---------+-------+---------+---------+-------
